3002 views
Uploaded 2020-02-08 12:45:50
Game version 1.32 / 1.32.1
17:51 long 1on1 ladder game on (2)ConcealedHill
Saved by byung
3002 views
Uploaded 2020-02-08 12:45:50
Game version 1.32 / 1.32.1
17:51 long 1on1 ladder game on (2)ConcealedHill

29 units @ 4.4k
/ 0.4k
12 buildings @ 2k
/ 0.7k


| Potion of Healing | 4 | 600 |
| Rod of Necromancy | 1 | 150 |
| total: | 5 | 750g |
| Acolyte | 2 | 150 | / | 0 |
| Ghoul | 16 | 1920 | / | 0 |
| Crypt Fiend | 8 | 1720 | / | 320 |
| Obsidian Statue | 3 | 600 | / | 105 |
| total: | 29 | 4390g | / | 425w |
| Nerubian Tower | 4 | 400 | / | 80 |
| Altar of Darkness | 1 | 180 | / | 50 |
| Crypt | 2 | 400 | / | 100 |
| Ziggurat | 4 | 600 | / | 200 |
| Tomb of Relics | 1 | 130 | / | 30 |
| Graveyard | 2 | 430 | / | 0 |
| Slaughterhouse | 1 | 140 | / | 135 |
| Temple of the Damned | 1 | 155 | / | 140 |
| Halls of the Dead | 1 | 320 | / | 210 |
| total: | 12 | 2035g | / | 655w |
| 0:07 | Acolyte |
| 0:11 | Altar of Darkness |
| 0:15 | Crypt |
| 0:27 | Ziggurat |
| 0:35 | Acolyte |
| 0:59 | Ziggurat |
| 1:21 | Ghoul |
| 1:40 | Tomb of Relics |
| 1:57 | Crypt |
| 2:02 | Ghoul |
| 2:15 | Ghoul |
| 2:31 | Vampiric Aura |
| 2:41 | Ghoul |
| 2:42 | Ghoul |
| 3:10 | Ghoul |
| 3:11 | Ghoul |
| 3:15 | Ghoul |
| 3:48 | Sleep |
| 4:06 | Graveyard |
| 4:09 | Halls of the Dead |
| 4:14 | Ziggurat |
| 5:12 | Nerubian Tower |
| 5:14 | Nerubian Tower |
| 5:45 | Graveyard |
| 6:08 | Ghoul |
| 6:49 | Vampiric Aura |
| 7:23 | Slaughterhouse |
| 8:03 | Crypt Fiend |
| 8:04 | Crypt Fiend |
| 8:13 | Unholy Aura |
| 8:53 | Ghoul |
| 8:53 | Ghoul |
| 9:11 | Obsidian Statue |
| 9:21 | Ghoul |
| 10:11 | Crypt Fiend |
| 11:03 | Potion of Healing |
| 11:21 | Obsidian Statue |
| 11:26 | Sleep |
| 11:37 | Death Coil |
| 11:44 | Web |
| 11:47 | Crypt Fiend |
| 11:49 | Creature Attack |
| 11:58 | Ghoul |
| 11:58 | Ghoul |
| 12:20 | Temple of the Damned |
| 12:27 | Ziggurat |
| 13:05 | Ghoul |
| 13:05 | Ghoul |
| 13:30 | Obsidian Statue |
| 13:34 | Nerubian Tower |
| 14:39 | Crypt Fiend |
| 15:38 | Crypt Fiend |
| 15:39 | Crypt Fiend |
| 15:44 | Nerubian Tower |
| 15:59 | Potion of Healing |
| 16:16 | Potion of Healing |
| 16:33 | Crypt Fiend |
| 17:29 | Potion of Healing |
| 17:30 | Rod of Necromancy |
| Right click | 555 |
| Select | 239 |
| Build/train/purchase | 63 |
| Use ability | 24 |
| Misc. action | 8 |
| Assign group | 5 |
| Select group | 4 |
| Chat | 4 |
55 units @ 6.9k
/ 0.4k
17 buildings @ 2.1k
/ 0.9k


| Lesser Clarity Potion | 2 | 140 |
| Scroll of Regeneration | 3 | 300 |
| Potion of Healing | 2 | 300 |
| Potion of Mana | 2 | 400 |
| total: | 9 | 1140g |
| Peasant | 21 | 1575 | / | 0 |
| Footman | 19 | 2565 | / | 0 |
| Priest | 4 | 540 | / | 40 |
| Sorceress | 5 | 775 | / | 100 |
| Spell Breaker | 2 | 430 | / | 60 |
| Knight | 4 | 980 | / | 240 |
| total: | 55 | 6865g | / | 440w |
| Scout Tower | 1 | 30 | / | 20 |
| Arcane Tower | 1 | 70 | / | 50 |
| Altar of Kings | 1 | 180 | / | 50 |
| Farm | 8 | 640 | / | 160 |
| Barracks | 1 | 160 | / | 60 |
| Town Hall | 1 | 385 | / | 205 |
| Arcane Vault | 1 | 130 | / | 30 |
| Lumber Mill | 1 | 120 | / | 0 |
| Blacksmith | 1 | 140 | / | 60 |
| Arcane Sanctum | 2 | 300 | / | 280 |
| Keep | 1 | 320 | / | 210 |
| Castle | 1 | 360 | / | 210 |
| total: | 17 | 2085g | / | 865w |
| 0:02 | Altar of Kings |
| 0:05 | Farm |
| 0:07 | Peasant |
| 0:08 | Peasant |
| 0:22 | Peasant |
| 0:25 | Barracks |
| 0:37 | Farm |
| 0:41 | Peasant |
| 0:57 | Peasant |
| 1:12 | Peasant |
| 1:26 | Footman |
| 1:29 | Scout Tower |
| 1:42 | Peasant |
| 1:46 | Footman |
| 1:56 | Arcane Tower |
| 2:10 | Summon Water Elemental |
| 2:37 | Footman |
| 2:39 | Peasant |
| 2:53 | Peasant |
| 3:09 | Peasant |
| 3:10 | Peasant |
| 3:39 | Brilliance Aura |
| 3:54 | Town Hall |
| 3:59 | Peasant |
| 4:18 | Arcane Vault |
| 4:24 | Farm |
| 4:43 | Lumber Mill |
| 5:12 | Peasant |
| 5:13 | Footman |
| 5:13 | Footman |
| 5:27 | Peasant |
| 5:29 | Peasant |
| 5:41 | Lesser Clarity Potion |
| 5:44 | Scroll of Regeneration |
| 5:59 | Keep |
| 6:15 | Footman |
| 6:33 | Footman |
| 6:35 | Summon Water Elemental |
| 6:41 | Lesser Clarity Potion |
| 6:43 | Scroll of Regeneration |
| 7:02 | Farm |
| 7:04 | Farm |
| 7:15 | Footman |
| 7:32 | Footman |
| 7:49 | Footman |
| 7:56 | Footman |
| 8:00 | Footman |
| 8:15 | Footman |
| 8:32 | Brilliance Aura |
| 8:58 | Arcane Sanctum |
| 9:07 | Arcane Sanctum |
| 9:08 | Peasant |
| 9:11 | Farm |
| 9:12 | Farm |
| 10:04 | Footman |
| 10:11 | Storm Bolt |
| 10:20 | Priest |
| 10:22 | Sorceress Adept Training |
| 10:29 | Footman |
| 10:29 | Footman |
| 10:42 | Priest |
| 10:43 | Footman |
| 11:04 | Sorceress |
| 11:05 | Sorceress |
| 11:05 | Sorceress |
| 11:06 | Footman |
| 11:18 | Footman |
| 11:47 | Sorceress |
| 11:54 | Castle |
| 11:55 | Improved Lumber Harvesting |
| 12:02 | Blacksmith |
| 12:06 | Scroll of Regeneration |
| 12:11 | Potion of Healing |
| 12:12 | Potion of Mana |
| 12:15 | Potion of Healing |
| 12:16 | Potion of Mana |
| 12:34 | Spell Breaker |
| 12:51 | Farm |
| 12:58 | Spell Breaker |
| 14:44 | Knight |
| 14:45 | Sorceress |
| 15:20 | Summon Water Elemental |
| 15:22 | Thunder Clap |
| 15:30 | Summon Water Elemental |
| 16:01 | Knight |
| 16:08 | Peasant |
| 16:08 | Peasant |
| 16:08 | Peasant |
| 16:08 | Peasant |
| 16:09 | Peasant |
| 16:25 | Knight |
| 16:27 | Sorceress Master Training |
| 16:27 | Priest Adept Training |
| 16:49 | Storm Bolt |
| 16:57 | Knight |
| 17:15 | Priest |
| 17:16 | Priest |
| Right click | 1335 |
| Select | 767 |
| Select group | 710 |
| Build/train/purchase | 169 |
| Misc. action | 66 |
| Assign group | 46 |
| Use ability | 13 |
| Esc | 1 |
⇛